Map: 코스믹 사파이어

Players

NightMare - Winner!

  • Race: Protoss Protoss
  • Spawn Location: 11:00

Rengen

  • Race: Protoss Protoss
  • Spawn Location: 5:00

Event: DreamHack SC2 Masters 2022 Atlanta (Offline)

VOD

Have the link to the VOD?

Description

Time

  • Played on: Nov. 18, 2022, 2:46 p.m.
  • Length: 9:07

All games in this series

Show
View Real Time Build Order
Export as new Build Order

NightMare Protoss - Winner!

Build Orders:  

Get SALT Encoding   

  12  0:00  Probe  
  13  0:12  Probe  
  14  0:18  Pylon  
  14  0:24  Probe (Chrono Boost)  
  15  0:36  Probe (Chrono Boost)  
  15  0:37  Gateway  
  16  0:45  Probe (Chrono Boost)  
  16  0:47  Assimilator  
  17  0:51  Probe  
  18  0:59  Assimilator  
  18  1:03  Probe (Chrono Boost)  
  19  1:09  Gateway  
  19  1:13  Probe (Chrono Boost)  
  19  1:18  Probe (Chrono Boost)  
  20  1:25  Cybernetics Core  
  21  1:29  Probe  
  22  1:35  Pylon  
  22  1:41  Probe  
  23  1:53  Probe  
  24  1:59  Warp Gate (Chrono Boost)  
  24  2:01  Stalker x2  
  28  2:13  Pylon  
  28  2:31  Stalker x2  
  32  2:37  Gateway  
  32  2:53  Robotics Facility  
  32  3:02  Stalker x2  
  36  3:14  Pylon  
  36  3:39  Warp Prism (Chrono Boost)  
  36  3:48  Stalker x3  
  42  3:53  Pylon  
  44  4:26  Adept  
  44  4:27  Adept x2  
  50  4:32  Observer  
  49  4:42  Nexus  
  49  4:48  Probe  
  50  5:00  Probe  
  50  5:02  Twilight Council  
  50  5:06  Sentry  
  53  5:08  Pylon  
  53  5:12  Probe  
  54  5:19  Shield Battery  
  54  5:24  Probe  
  55  5:32  Immortal (Chrono Boost)  
  59  5:36  Probe  
  59  5:38  Blink (Chrono Boost)  
  60  5:48  Probe  
  61  5:55  Probe  
  54  6:06  Immortal, Probe  
  54  6:10  Probe  
  60  6:18  Probe  
  60  6:21  Gateway  
  60  6:22  Probe  
  62  6:28  Pylon  
  62  6:31  Probe  
  63  6:33  Stalker  
  63  6:34  Probe  
  66  6:43  Probe  
  66  6:46  Probe  
  68  6:49  Stalker x2  
  72  6:55  Probe  
  72  6:58  Probe  
  72  7:00  Observer  
  74  7:11  Gateway  
  74  7:14  Resonating Glaives (Chrono Boost), Assimilator  
  74  7:15  Pylon  
  74  7:17  Warp Prism, Gateway  
  76  7:25  Shield Battery  
  76  7:26  Sentry x2  
  79  7:36  Adept  
  81  7:37  Pylon  
  81  7:38  Adept  
  81  7:39  Probe  
  81  7:41  Probe, Pylon  
  81  7:58  Adept x4  
  81  8:04  Shield Battery  
  89  8:05  Shield Battery  
  89  8:06  Sentry  
  91  8:14  Adept  
  91  8:19  Sentry  
  95  8:20  Sentry  
  95  8:21  Adept  
  95  8:22  Adept  
  95  8:25  Pylon  
  101  8:38  Adept x2  
  105  8:45  Adept x4  
  113  8:49  Pylon  
  105  9:03  Adept x2  
Show
View Real Time Build Order
Export as new Build Order

Rengen Protoss 

Build Orders: Blink Stalkers 

Get SALT Encoding   

  12  0:00  Probe  
  13  0:12  Probe  
  14  0:17  Pylon  
  14  0:24  Probe (Chrono Boost)  
  15  0:36  Probe (Chrono Boost)  
  15  0:37  Gateway  
  16  0:45  Probe (Chrono Boost)  
  16  0:46  Assimilator  
  17  0:51  Probe  
  17  0:54  Assimilator  
  18  1:03  Probe (Chrono Boost)  
  19  1:08  Gateway  
  19  1:13  Probe (Chrono Boost)  
  19  1:18  Probe (Chrono Boost)  
  20  1:25  Cybernetics Core  
  21  1:31  Probe  
  22  1:35  Pylon  
  22  1:44  Probe  
  23  1:56  Probe  
  23  2:00  Warp Gate (Chrono Boost)  
  24  2:01  Stalker  
  24  2:02  Stalker  
  28  2:12  Pylon  
  28  2:38  Nexus  
  28  2:44  Sentry x2  
  28  2:49  Probe  
  33  2:58  Pylon  
  33  3:02  Probe  
  34  3:10  Stalker  
  36  3:13  Twilight Council  
  36  3:19  Shield Battery  
  36  3:25  Probe  
  37  3:37  Probe  
  37  3:38  Stalker  
  38  3:45  Blink (Chrono Boost)  
  36  3:49  Probe  
  36  3:50  Probe  
  38  4:00  Sentry  
  38  4:01  Probe  
  38  4:02  Probe  
  42  4:13  Probe  
  42  4:14  Probe  
  42  4:15  Stalker  
  46  4:23  Stalker  
  48  4:25  Probe  
  48  4:28  Shield Battery, Probe  
  50  4:37  Probe  
  51  4:39  Stalker  
  51  4:40  Probe  
  54  4:47  Pylon  
  54  4:48  Stalker  
  54  4:49  Probe  
  54  4:52  Probe  
  54  5:01  Probe  
  54  5:04  Probe  
  54  5:08  Stalker  
  54  5:12  Gateway  
  54  5:13  Probe  
  57  5:18  Stalker  
  57  5:20  Probe  
  60  5:25  Probe  
  59  5:33  Stalker  
  62  5:36  Gateway  
  62  5:38  Probe  
  62  5:42  Gateway  
  62  5:46  Pylon  
  62  5:53  Robotics Facility  
  60  6:00  Charge (Chrono Boost)  
  60  6:01  Probe x2  
  61  6:12  Gateway  
  61  6:16  Gateway  
  61  6:17  Probe, Pylon  
  63  6:19  Assimilator  
  63  6:22  Pylon  
  62  6:27  Probe, Pylon  
  62  6:32  Stalker x2  
  67  6:47  Zealot x3, Warp Prism (Chrono Boost)  
  75  6:56  Zealot x2  
  79  7:08  Zealot, Pylon  
  81  7:09  Zealot, Pylon  
  81  7:10  Sentry  
  81  7:13  Zealot  
  87  7:21  Zealot x2  
  91  7:34  Pylon  
  91  7:37  Zealot x4  
  99  7:54  Zealot x3  
  93  8:00  Zealot x3  
  93  8:01  Zealot  
  95  8:20  Zealot x6  
  99  8:43  Stalker x5  
Tags
 
Add a new tag
Caveats
  • Supply blocks, unpowered buildings, or Contaminate may cause inaccurate times.
  • Supply counts are checked every 10 seconds.